 Dungeon Crawl Stone Soup version 0.31-a0-826-ga5cc291a1b (webtiles) character file.

Game seed: 11583581389836060129

42 qw the Shooter (level 3, -1/21 HPs)
             Began as a Gargoyle Hunter on Sept 23, 2023.
             Slain by a goblin
             ... wielding a +0 club
             ... led by Robin
              (2 damage)
             ... on level 2 of the Dungeon.
             The game lasted 00:00:21 (928 turns).

qw the Shooter (Gargoyle Hunter)                     Turns: 928, Time: 00:00:21

Health: -1/21      AC:  8    Str: 14    XL:     3   Next: 56%
Magic:  3/3        EV: 10    Int:  9    God:
Gold:   121        SH:  0    Dex: 15    Spells: 2/2 levels left

rFire   . . .        Y - +0 shortbow
rCold   . . .        (shield currently unavailable)
rNeg    + . .        e - +0 ring mail
rPois   inf          (no helmet)
rElec   +            (no cloak)
rCorr   .            (no gloves)
SInv    .            (no boots)
Will    .....        (no amulet)
Stlth   +            (no ring)
HPRegen 0.23/turn    (no ring)
MPRegen 0.08/turn

%: no passive effects
@: no status effects
A: sickness immunity, AC +3, negative energy resistance 1, electricity
resistance, torment resistance 1, petrification resistance
a: no special abilities


You were on level 2 of the Dungeon.
You visited 1 branch of the dungeon, and saw 2 of its levels.

You collected 121 gold pieces.


Innate Abilities, Weirdness & Mutations

You are immune to sickness and miasma.
Your stone body is resilient. (AC +3)
You are immune to poison.
You resist negative energy. (rN+)
You are resistant to electric shocks. (rElec)
You are resistant to unholy torment.
You are immune to petrification.


   Skills:
 + Level 2.3 Fighting
 - Level 5.0 Ranged Weapons
 - Level 1.1 Armour
 - Level 1.5 Dodging
 - Level 1.1 Stealth


You had 2 spell levels left.
You didn't know any spells.
Your spell library was empty.

Inventory:

Hand Weapons
 Y - a +0 shortbow (weapon)
Armour
 b - a +3 leather armour
 e - a +0 ring mail (worn)
Scrolls
 a - a scroll of vulnerability {unknown}
 c - a scroll of poison {unknown}
 h - a scroll of amnesia {unknown}
 i - a scroll of fear {unknown}
Potions
 d - a potion of magic {unknown}
 f - a potion of berserk rage {unknown}
 g - a potion of invisibility {unknown}

Dungeon Overview and Level Annotations

Branches:
Dungeon (2/15)

Altars:

Shops:
D:2 (

Annotations:
D:2 Robin


Message History

You shoot an arrow. The goblin shouts!
The arrow hits the goblin but does no damage.
Robin roars a battlecry!
The goblins go into a battle-frenzy!
A goblin comes into view. It is wielding a +0 dagger.
You shoot an arrow. The goblin shouts!
The arrow hits the goblin but does no damage.
The goblin barely misses you.
You shoot an arrow.
The arrow hits the goblin but does no damage.
The goblin barely misses you. Robin throws the goblin at you!
You shoot an arrow. The arrow hits the goblin.
The goblin is moderately wounded.
The goblin hits you but does no damage. Robin throws the goblin at you!
The goblin hits you with a +0 dagger.
You shoot an arrow. The arrow barely misses the goblin.
The arrow closely misses the goblin.
The goblin hits you but does no damage. The goblin barely misses you.
The goblin closely misses you. The goblin hits you but does no damage.
The goblin hits you with a +0 dagger.
You shoot an arrow. The arrow closely misses the goblin.
The goblin misses you. The goblin barely misses you.
The goblin closely misses you. The goblin barely misses you.
You shoot an arrow. The arrow closely misses the goblin.
The goblin hits you but does no damage. The goblin barely misses you.
The goblin hits you with a +0 dagger of venom.
The goblin hits you but does no damage.
You shoot an arrow.
The arrow hits the goblin but does no damage.
The goblin is moderately wounded.
The goblin hits you with a +0 club. x2; The goblin closely misses you.
The goblin hits you but does no damage.
You shoot an arrow.
The arrow hits the goblin but does no damage.
The goblin is moderately wounded.
The goblin barely misses you. The goblin hits you with a +0 dagger.
The goblin hits you with a +0 club.
You die...

#####..........#
....#.......##.#
....#.......##.# .
...|#.......##.### ..
....#.......##.#.+ .).
....#...)...##.#.# ....
....#.......##.#.# ..... ..#
#.......##.#g#g.....
#.#######......g@gg...).
#.)..........#.#g#g.....
###%...<.......#.# #####
.##.)......#...%.#
.##..........#.#.# #
.##......#####.#.. #####.#
.##......## #.#.####.....#
.##.......####.#.......#####
.##.........##+###..#......###


You could see Robin, a hobgoblin (strong) and 5 goblins.

Vanquished Creatures
  An adder (D:2)
  A worm (D:2)
  3 endoplasms
  A giant cockroach (D:1)
  6 goblins
  4 hobgoblins
  3 kobolds
  2 quokkas
  2 ball pythons (D:1)
  A bat (D:1)
  3 rats
27 creatures vanquished.

Notes
Turn   | Place    | Note
-------+----------+-------------------------------------------
     0 | D:1      | qw the Gargoyle Hunter began the quest for the Orb.
     0 | D:1      | Reached XP level 1. HP: 12/12 MP: 1/1
     0 | D:1      | 0 ||| qw: Version: 0.3-a-83-gcd0e7d8
     0 | D:1      | 0 ||| qw: Game counter: 1872
     0 | D:1      | 0 ||| qw: Melee chars always use a shield: true
     0 | D:1      | 0 ||| qw: God list: Okawaru
     0 | D:1      | 0 ||| qw: Allow faded altars: false
     0 | D:1      | 0 ||| qw: Do Orc after clearing Dungeon:15 true
     0 | D:1      | 0 ||| qw: Do second Lair branch before Depths: true
     0 | D:1      | 0 ||| qw: Lair rune preference: random
     0 | D:1      | 0 ||| qw: Goals: Normal
     0 | D:1      | 0 ||| PLANNING D:1-11
   244 | D:1      | Reached XP level 2. HP: 15/17 MP: 2/2
   660 | D:1      | 660 ||| UPGRADING to +0 ring mail.
   670 | D:1      | 670 ||| DROPPING +0 leather armour.
   671 | D:1      | 671 ||| READING scroll labelled VAECLA QAFUO.
   672 | D:1      | 672 ||| DROPPING scroll of butterflies.
   717 | D:2      | Found a faded altar of an unknown god.
   723 | D:2      | Noticed an eye of devastation
   724 | D:2      | Noticed a great orb of eyes
   725 | D:2      | Noticed an eye of devastation
   725 | D:2      | Noticed a shining eye
   789 | D:2      | Reached skill level 1 in Armour
   789 | D:2      | Reached XP level 3. HP: 15/21 MP: 3/3
   825 | D:2      | Found Olooblet's Weapon Boutique.
   917 | D:2      | Reached skill level 5 in Ranged Weapons
   917 | D:2      | Noticed Robin
   927 | D:2      | HP: 4/21 [goblin/+0 club[Robin] (6)]
   928 | D:2      | HP: 1/21 [goblin/+0 dagger[Robin] (3)]
   928 | D:2      | Slain by a goblin

Levels and vault maps discovered:
D:1:      lightli_iron_boxes, layout_basic
D:2:      layout_basic, hellmonk_ecumenical_altar_watching_god, serial_shops,
          nicolae_shop_getting_attention, uniq_robin

Skill      XL: |  1  2  3 |
---------------+----------+-----
Armour         | 1 |  1.1
Ranged Weapons | 5 |  5.0
Fighting       | |  2.3
Dodging        | |  1.5
Stealth        | |  1.1

Action                     || total
---------------------------++-------
   Fire: Shortbow          ||    79
    Use: Scroll            ||     1
 Armour: Leather armour    ||     6
         Ring mail         ||    19
  Dodge: Dodged            ||    19

Table legend:
 A = Non-vault XP
 B = Vault XP
 C = Vault XP percentage of total XP
 D = Non-vault monster count
 E = Vault monster count
 F = Vault count percentage of total count
                 A         B        C        D         E       F
            +---------+---------+-------+---------+---------+-------
      Total |      54 |       7 |  11.5 |      23 |       4 |  14.8
            +---------+---------+-------+---------+---------+-------
        D:1 |      23 |       0 |   0.0 |      13 |       0 |   0.0
        D:2 |      31 |       7 |  18.4 |      10 |       4 |  28.6
            +---------+---------+-------+---------+---------+-------
